Cogmind - Beta 14 @@@ ROGUE MODE // 2025.05.02 @ 18:42:21 Player: Quartz Result: Destroyed by G-34 Mercenary with Small Laser Performance ------------- Evolutions (0) 0 Regions Visited (1) 200 Robots Destroyed (9) 45 Value Destroyed (195) 195 Prototype IDs (0) 0 Alien Tech Used (0) 0 Bonus (0) 0 TOTAL SCORE: 440 Bonus ------- None Cogmind --------- Core Integrity 0/250 Matter 240/300 Energy 100/100 System Corruption 0% Temperature Cool (6) Movement Treading (240) Ox1 Location -10/Materials Parts ------- > --- POWER (1) -------- (None) > --- PROPULSION (2) --- Light Treads Light Treads > --- UTILITY (2) ------ Huge Storage Unit > --- WEAPON (2) ------- (None) > --- INVENTORY (25) --- Light Treads Light Treads Light Treads Light Treads Cargo Storage Unit Peak State ------------ > --- POWER ------------ Light Ion Engine > --- PROPULSION ------- Aluminum Leg Aluminum Leg > --- UTILITY ---------- Small Storage Unit Tractor Beam > --- WEAPON ----------- Assault Rifle Light Assault Rifle > --- INVENTORY -------- (None) [Rating: 7] Favorites ----------- Power Light Ion Engine Engine Light Ion Engine Propulsion Aluminum Leg Treads Light Treads Leg Aluminum Leg Utility Huge Storage Unit Device Tractor Beam Storage Huge Storage Unit Protection Light Armor Plating Weapon Small Laser Energy Gun Small Laser Ballistic Gun Light Assault Rifle Special Weapon Mining Laser Build | -11 -10 ------- Run | Yrd Mat Slots Evolved . | . . Power . | . . Propulsion . | . . Utility . | . . Weapon . | . . Parts Attached 14 | 7 7 Power 1 | 1 . Engine 1 | 1 . Core . | . . Reactor . | . . Propulsion 4 | 2 2 Treads 2 | . 2 Leg 2 | 2 . Wheel . | . . Hover . | . . Flight . | . . Utility 4 | 2 2 Device 1 | 1 . Storage 2 | 1 1 Processor . | . . Hackware . | . . Protection 1 | . 1 Artifact . | . . Weapon 5 | 2 3 Energy Gun 1 | . 1 Energy Cannon . | . . Ballistic Gun 2 | 2 . Ballistic Cannon . | . . Launcher . | . . Special Weapon 2 | . 2 Impact Weapon . | . . Slashing Weapon . | . . Piercing Weapon . | . . Special Melee Weapon . | . . Unidentified Prototypes . | . . Parts Lost 8 | . 8 Power 1 | . 1 Propulsion . | . . Utility 2 | . 2 Weapon 5 | . 5 Highest Loss Streak 3 | . 3 To Critical Strikes . | . . Average Slot Usage (%) 82 | . 82 Engine 2 | . 2 Treads 12 | . 12 Leg 15 | . 15 Device 3 | . 3 Storage 14 | . 14 Protection 7 | . 7 Energy Gun 9 | . 9 Ballistic Gun 8 | . 8 Special Weapon 7 | . 7 Peak Build Rating 7 | 7 7 Average Rating 5 | 4 5 On Entrance 3 | . 7 Naked Turns . | . . Heaviest Build 87 | 12 87 Greatest Support 40 | 20 40 Greatest Overweight (x) 4 | . 4 Average Overweight (x) 1 | . 2 Largest Inventory Capacity 25 | 8 25 Average Capacity 22 | 6 23 Most Carried 7 | 5 7 Average Carried 3 | . 3 Final Capacity 25 | 8 25 Final Carried 6 | . 6 Class Distribution -------------------- 100% | Mutant Dominant Class ---------------- Mutant | -10/Materials Resources | -11 -10 ----------- Run | Yrd Mat Matter Collected 321 | 182 139 Remotely 304 | 182 122 Salvage Created 281 | 53 228 Parts 11 | 1 10 Haulers Intercepted . | . . Recyclers Shooed 1 | 1 . Parts Field Recycled . | . . Retrieved Matter . | . . Parts Self-Destructed . | . . Prevented . | . . Kills | -11 -10 ------- Run | Yrd Mat Combat Hostiles Destroyed 8 | . 8 Guns 7 | . 7 Cannons 1 | . 1 Classes Destroyed 3 | 1 2 Recycler 1 | 1 . Swarmer 4 | . 4 Grunt 4 | . 4 Best Kill Streak 3 | 1 3 Combat Bots Only 3 | . 3 Max Kills in Single Turn 1 | 1 1 Gunslinging . | . . Exploded . | . . Melee . | . . Uniques/NPCs Destroyed . | . . Combat | -11 -10 -------- Run | Yrd Mat Hostile Shots Fired 134 | . 134 Missed 31 | . 31 Damage Taken 1160 | . 1160 Core 260 | . 260 Absorbed by Shields . | . . Core Remaining (%) 100 | 100 . Volleys Fired 54 | 5 49 Largest 2 | 2 2 Hottest 140 | 40 140 Shots Fired 88 | 10 78 Gun 80 | 10 70 Cannon . | . . Launcher . | . . Special 8 | . 8 Kinetic 52 | 10 42 Thermal 36 | . 36 Explosive . | . . Electromagnetic . | . . Robot Hit Streak 6 | 3 6 Robot Miss Streak 3 | 1 3 Penetration Max . | . . Secondary Targets . | . . Shots Hit Robots 53 | 7 46 Core Hits 19 | 2 17 Critical Kills . | . . Critical Parts Destroyed 1 | . 1 Critical Strikes 1 | . 1 Destroy 1 | . 1 Melee Attacks . | . . Impact . | . . Slashing . | . . Piercing . | . . Sneak Attacks . | . . Combat Hostiles . | . . Follow-up Attacks . | . . Damage Inflicted 569 | 71 498 Guns 510 | 71 439 Cannons . | . . Explosions . | . . Melee . | . . Ramming 19 | . 19 Kinetic 285 | 71 214 Thermal 265 | . 265 Explosive . | . . Electromagnetic . | . . Impact . | . . Slashing . | . . Piercing . | . . Highest Corruption . | . . Average Corruption . | . . Corruption Purged . | . . Corruption Blocked . | . . Overload Shots . | . . Overflow Damage . | . . Projectiles . | . . Explosions . | . . Melee . | . . Knockbacks . | . . Impact . | . . Kinetic . | . . Secondary . | . . Self-Inflicted Damage . | . . Shots . | . . Rammed 5 | . 5 Targets Rammed 6 | . 6 Kicked 1 | . 1 Crushed . | . . Highest Temperature 60 | . 60 Average Temperature 16 | . 16 Received Heat Transfer 567 | . 567 Siege Activations . | . . Robots Corrupted . | . . Combat Hostiles . | . . Parts Fried . | . . Impact Corruptions . | . . Robots Melted . | . . Combat Hostiles . | . . Parts Melted 1 | . 1 Heat Transferred 675 | . 675 Parts Sabotaged . | . . Parts Stolen . | . . Parts Stripped . | . . Power Chain Reactions . | . . Alert | -11 -10 ------- Run | Yrd Mat Peak Influence 122 | 5 122 Initial 3 | . 3 Average 25 | 1 27 Maximum Alert Level . | . . Low Security (%) 100 | 100 100 Level 1 . | . . Level 2 . | . . Level 3 . | . . Level 4 . | . . Level 5 . | . . High Security . | . . Max Security . | . . Squads Dispatched 2 | . 2 Investigation 1 | . 1 Extermination . | . . Reinforcement 1 | . 1 Assault . | . . Garrison . | . . Intercept . | . . Searches Triggered . | . . Construction Impeded . | . . Haulers Reinforced . | . . Active Scanning Responses . | . . Cargo Convoy Interrupts . | . . Stealth | -11 -10 --------- Run | Yrd Mat Distress Signals . | . . Communications Jammed . | . . Distress Signals . | . . Times Spotted 15 | . 15 Peak Tracking Total 5 | . 5 Tactical Retreats 3 | . 3 Traps | -11 -10 ------- Run | Yrd Mat Traps Triggered 1 | . 1 Indirectly . | . . Trap Hack Attempts . | . . Triggered . | . . Disarmed . | . . Reprogrammed . | . . Reused . | . . Traps Extracted . | . . Installed . | . . Triggered . | . . Machines | -11 -10 ---------- Run | Yrd Mat Machines Disabled . | . . Max in Single Turn . | . . Machines Repaired . | . . Machines Dismantled . | . . Machines Sabotaged . | . . Overloaded Fab Kills . | . . Hacking | -11 -10 --------- Run | Yrd Mat Machines Accessed 2 | . 2 Terminals 2 | . 2 Fabricators . | . . Repair Stations . | . . Recycling Units . | . . Scanalyzers . | . . Garrison Access . | . . Total Hacks 2 | . 2 Successful 2 | . 2 Failed . | . . Catastrophic . | . . Database Lockouts . | . . Manual . | . . Terminals 2 | . 2 Fabricators . | . . Repair Stations . | . . Recycling Units . | . . Scanalyzers . | . . Garrison Access . | . . Terminal Hacks 2 | . 2 Dispatch Records 1 | . 1 Surveillance Status 1 | . 1 Fabricator Hacks . | . . Repair Station Hacks . | . . Recycling Unit Hacks . | . . Scanalyzer . | . . Garrison Access Hacks . | . . Unauthorized Hacks . | . . Terminals . | . . Fabricators . | . . Repair Stations . | . . Recycling Units . | . . Scanalyzers . | . . Garrison Access . | . . Data Cores Recovered . | . . Used . | . . Hacking Detections 1 | . 1 Full Trace Events . | . . Feedback Events . | . . Feedback Blocked . | . . Robot Schematics Acquired . | . . Robots Built . | . . Authchips . | . . Time . | . . Total Robot Build Rating . | . . Part Schematics Acquired . | . . Parts Built . | . . Authchips . | . . Time . | . . Total Part Build Rating . | . . Parts Repaired . | . . Time . | . . Parts Recycled . | . . Recycled Matter . | . . Retrieved Matter . | . . Retrieved Components . | . . Parts Scanalyzed . | . . Part Schematics Acquired . | . . Parts Damaged . | . . Bothacking | -11 -10 ------------ Run | Yrd Mat Used RIF Installer . | . . Robots Hacked . | . . Non-combat . | . . Combat . | . . Robot Hacks Applied . | . . Relay Couplers Released . | . . Fabnet Peak Effective % . | . . Robots Rewired . | . . Allies Hacked . | . . Hacks Repelled . | . . Allies | -11 -10 -------- Run | Yrd Mat Total Allies . | . . Largest Group . | . . Highest-Rated Group . | . . Highest-Rated Ally . | . . Total Orders . | . . Ally Attacks . | . . Total Damage . | . . Kills . | . . Allies Corrupted . | . . Allies Melted . | . . Intel | -11 -10 ------- Run | Yrd Mat Robot Analysis Total . | . . Derelict Logs Recovered . | . . Drone Launches . | . . Drone Recoveries . | . . Exploration | -11 -10 ------------- Run | Yrd Mat Turns Passed 1219 | 65 1154 Spaces Moved 365 | 37 328 Core 15 | 15 . Treads 135 | . 135 Legs 215 | 22 193 Wheels . | . . Hover . | . . Flight . | . . Fastest Speed 50 | 50 120 Average Speed 272 | 91 293 Slowest Speed 400 | 120 400 Overloaded Moves . | . . Propulsion Burnouts . | . . Robots Hopped . | . . Cave-ins Triggered . | . . Exploration Rate (%) 26 | 3 50 Regions Visited 1 Branch Regions . Pre-discovered Areas . | . . Known Exits Taken . | . . Unknown Exits Taken 1 | 1 . Scrap Searched . | . . Spaces Dug . | . . Terrain Destroyed 1 | . 1 Melee . | . . Projectile 1 | . 1 AOE . | . . Terrain Rammed . | . . Walls Destroyed . | . . Machines Disabled . | . . Actions | -11 -10 --------- Run | Yrd Mat Total 489 | 58 431 Wait 29 | 3 26 Move 364 | 36 328 Hop . | . . Pick Up 18 | 6 12 Fast Attach 2 | 2 . Attach 9 | 5 4 Detach . | . . Swap 3 | . 3 Drop 4 | 1 3 Fire 54 | 5 49 Melee . | . . Ram . | . . Kick 1 | . 1 Crush 5 | . 5 Escape Stasis . | . . Rewire . | . . Trap . | . . Miscellaneous . | . . Route ------- -11/Scrapyard -10/Materials (discovered 2 exits: [*Mat] / [*Min]) History --------- Turn | Location | Event 8 | -11/Scrapyard | Discovered new exit (range 15) 66 | -11/Scrapyard | Entered Materials 74 | -10/Materials | Discovered new exit (range 15) 308 | -10/Materials | Build established: Mutant 433 | -10/Materials | Lost 3 parts (1u2w) 455 | -10/Materials | Discovered new exit (range 15) 1161 | -10/Materials | Core integrity fell below 50% 1203 | -10/Materials | Core integrity fell below 20% 1220 | -10/Materials | Destroyed by G-34 Mercenary with Small Laser Last Messages --------------- reinforcements. 01100_ ALERT: Hostiles spotted, dispatching reinforcements to Terminal M005. 01100_ O-16 Technician locks terminal. 01138_ S-10 Pest destroyed. 01141_ K-01 Serf collects debris. 01141_ R-06 Scavenger collects Flight Unit. 01157_ Mining Laser destroyed. 01158_ G-34 Mercenary destroyed. 01165_ R-06 Scavenger collects Sml. Laser. 01170_ U-05 Engineer lays Concrete. 01170_ R-06 Scavenger collects Aluminum Leg. 01177_ Heat Sink melted. 01177_ G-34 Mercenary destroyed. 01190_ U-05 Engineer builds a Wall. 01196_ Welding Torch destroyed. 01202_ Sml. Laser destroyed. 01203_ Slammed into G-34 Mercenary. 01212_ Lgt. Armor Plating destroyed. 01213_ Slammed into G-34 Mercenary. Map ----- +----------------------------------------------------+ | | | | | | | | | | | | | | | | | | | | | | | | | | | | | | | | | ?????????????????????????????????????????????????? | | ???????????????????????#########?????????????????? | | ???????????????????????# #?????????????????? | | ######################## #?????????????????? | | ! # #?????????????????? | | ! # #?????????????????? | | ! + #?????????????????? | | " ################ #?????????????????? | | T #????????????######+####?????????????????? | | " ####?????????# @g #?????????????????? | | #?????????# "" #?????????????????? | | < #?????????# """g T" #?????????????????? | | ######## #?????????# """ "" #?????????????????? | | #####??# #######???# """ #?????????????????? | | #"""#??# # #???# """ #?????????????????? | | #"T"#### # ! ## ## """ ! #?????????????????? | | # # ## + % % #?????????????????? | | # # """ ## ####+######?????????????????? | | "" """ # # """ #????? % ?????????????????????? | | "" """ # # """ # ???????????????????? | | "" """ + + / ?????????????????? | | # # """ # ???????????????? | | ######## # """ ### ## ##### ?????????????? | | # """ #?#/?#######????? #???????????? | | # #?#???????????????? #???????????? | | """ """ # ! !#???????????????????#???????????? | | """ """ #######???????????????????????????????? | | """ """ #?????????????????????????????????????? | | #?????????????????????????????????????? | | #?????????????????????????????????????? | | """ """ ########??????????????????????????????? | | """ """ # """ ####???????????????????????????? | | """ """ # """ """#???????????????????????????? | | # """ R"#???????????????????????????? | +----------------------------------------------------+ Best States ------------- Heat Dissipation 25 Energy Generation 10 Energy Capacity 125 Matter Stores 252 Matter Capacity 300 Sight Range 16 Terrain Scan Density 10 Armor Coverage 150 Evasion (%) 55 Recoil Reduction 2 Item Schematics ----------------- None Robot Schematics ------------------ None Fabricated ------------ Nothing Alien Tech Used ----------------- None Achievements -------------- None Challenges ------------ None Game ------ Seed NodeLightningDatajack Manual? 0 Play Time 00:07:10 Cumulative 4.4 hours Start 2025.05.02 @ 18:36:17 End 2025.05.02 @ 18:42:21 Sessions 1 Manual Loads 0 Difficulty Rogue Special Mode None Game No. 11 Rogue 11 Adventurer 0 Explorer 0 Win Type - Total 0 Types 0/0/0/0/0/0/0/0/0 Lore% 4 Gallery% 8 Achievement% 10 Wizard Run 0 Options --------- Layout 1 ASCII 0 Keyboard 0 Movement Mouse Keybinds 0 Fullscreen 1 Font 24/Smallcaps Map View 50x35 Zoom Use 0% Tactical HUD 1 Map Filters NONE Filters NONE Steam 1 RUN: 5b3f299a-5a0a-4a21-81a7-6c5a3858c833